 Dungeon Crawl Stone Soup version bcrawl-1.12-10-g10a67aac0f (webtiles) character file.

Game seed: 10568402611297243578

1294 MisterOstroum the Spear-Bearer (level 8, 0/55 HPs)
             Began as a Merfolk Chaos Knight on June 18, 2019.
             Was a Plaything of Xom.
             Slain by Menkaure (18 damage)
             ... on level 6 of the Dungeon.
             The game lasted 00:48:31 (6661 turns).

MisterOstroum the Spear-Bearer (MfCK)               Turns: 6661, Time: 00:48:34

Health: 0/55       AC:  6    Str: 14 (15) XL:     8   Next: 56%
Magic:  8/8        EV: 11    Int: 10 (11) God:    Xom [.....*]
Gold:   207        SH:  0    Dex:  6 (9)  Spells: 7/7 levels left

rFire    + . .     SeeInvis .   a - +0 spear (chaos)
rCold    + . .     Gourm    .   (no shield)
rNeg     . . .     Faith    +   b - +2 leather armour
rPois    .         Spirit   .   B - +0 helmet
rElec    .         Reflect  .   v - +0 cloak
rCorr    .         Harm     .   K - +0 pair of gloves
MR       +....                  (no boots)
Stlth    +.........             n - amulet of faith
HPRegen  0.18/turn              m - ring of protection from magic
MPRegen  0.11/turn              x - ring of protection from fire

@: cleaving
A: change form in water, swift swim, stealthy swim, blurry vision 1, clumsy 2,
cold resistance 1, deformed body, deterioration 1, frail 1, subdued magic 1
a: Renounce Religion


You were on level 6 of the Dungeon.
You worshipped Xom.
You were Xom's teddy bear.
You were hungry.

You visited 1 branch of the dungeon, and saw 6 of its levels.

You collected 360 gold pieces.
You spent 153 gold pieces at shops.

Inventory:

Hand Weapons
 a - a +0 spear of chaos (weapon)
 g - a +0 spear
 I - a +0 trident
 L - a +0 longbow
Missiles
 h - 1010 stones
 k - 230 tomahawks (quivered)
 w - 152 poisoned tomahawks
 M - 360 arrows
Armour
 b - a +2 leather armour (worn)
 p - a +0 ring mail of poison resistance
 v - a +0 cloak (worn)
 B - a +0 helmet (worn)
 J - a +0 robe
 K - a +0 pair of gloves (worn)
 O - a +2 ring mail of fire resistance
Jewellery
 m - a ring of protection from magic (left hand)
 n - an amulet of faith (around neck)
 o - an uncursed amulet of guardian spirit {unknown}
 x - a ring of protection from fire (right hand)
 y - an uncursed ring of resist corrosion
Wands
 C - a wand of acid (12)
 D - a wand of clouds (5)
Scrolls
 f - a scroll of enchant armour {unknown}
 q - 9 scrolls of remove curse {unknown}
 s - 4 scrolls of magic mapping {unknown}
 A - a scroll of fog {!r}
 N - 3 scrolls of blinking {unknown}
 P - a scroll of identify {@r1}
Potions
 c - a potion of degeneration
 d - a potion of agility {@q5 !q}
 i - a potion of lignification {unknown}
 j - 2 potions of might
 l - a potion of heal wounds {@q2 !q}
 r - a potion of mutation {unknown}
 t - a potion of berserk rage {unknown}
 u - 3 potions of haste
 E - 2 potions of invisibility {unknown}
 F - a potion of resistance {unknown}
 G - a potion of brilliance {unknown}
 H - 3 potions of curing {@q1 !q}
Comestibles
 e - 6 rations {!d}


   Skills:
 - Level 5.0 Fighting
 * Level 13.6 Polearms
 - Level 0.6 Armour
 - Level 2.6 Dodging


You had 7 spell levels left.
You didn't know any spells.
Your spell library contained the following spells:

 Spells                   Type           Power        Failure   Level  Hunger
 Beastly Appendage        Tmut           #.....       38%         1    ##.....
 Sticks to Snakes         Tmut           #.......     54%         2    ###....
 Spider Form              Tmut/Pois      #.........   78%         3    ####...
 Ice Form                 Ice/Tmut       #.......     99%         4    #####..
 Blade Hands              Tmut           #.........   100%        5    ######.


Dungeon Overview and Level Annotations

Branches:
Dungeon (6/12)             Temple (0/1) D:5

Altars:
Cheibriados
Dithmenos
Elyvilon
Hepliaklqana
Makhleb
Xom

Shops:
D:4 *

Annotations:
D:5 1 runed door
D:6 Menkaure, Pikel, Sigmund


Innate Abilities, Weirdness & Mutations

You revert to your normal form in water.
You are very nimble and swift while swimming.
You are very stealthy in the water. (Stealth+)
Scrolls take you a little longer to read.
You are very clumsy. (Dex -4)
Your flesh is cold resistant. (rC+)
Armour fits poorly on your strangely shaped body.
Your body sometimes deteriorates upon taking damage.
You are frail. (-10% HP)
Your spells are a little easier to cast, but a little less powerful.


Message History

Aim: Grinder You shoot an arrow.
The arrow barely misses Grinder.
Grinder gestures at you. You resist with almost no effort.
Firing (i - inventory. (/) - cycle)
M - 361 arrows (quivered)
Press: ? - help, Shift-Dir - straight line, f/p - Grinder
Aim: Grinder You shoot an arrow.
The arrow closely misses Grinder.
Xom's power touches on a nearby monster.
Grinder evaporates and reforms as a crimson imp!
Wield which item (- for none, * to show all)? (? for menu, Esc to quit)
I - a +0 trident (weapon)
You closely miss Grinder. You miss Grinder. Grinder hits you.
You barely miss Grinder. Grinder hits you but does no damage.
You completely miss Grinder. You hit Grinder but do no damage.
Grinder barely misses you.
You closely miss Grinder. Grinder closely misses you.
You closely miss Grinder.
Your leather armour prevents you from hitting Grinder.
Grinder hits you but does no damage.
You hit Grinder.
Grinder is lightly wounded.
You hit Grinder but do no damage.
Grinder is lightly wounded.
Grinder hits you.
You barely miss Grinder.
Grinder blinks!
Attack whom?
Press: ? - help, Dir - move target cursor, f/p - Grinder
Aim: Grinder the crimson imp You reach to attack!
You hit Grinder.
Grinder is moderately wounded.
Attack whom?
Press: ? - help, Dir - move target cursor, f/p - Grinder
Aim: Grinder the crimson imp (moderately wounded)
You reach to attack!
You barely miss Grinder.
Grinder is moderately wounded.
You puncture Grinder!
You kill Grinder!
Xom briefly touches your surroundings.
There is a shimmering altar of Xom here.
You offer a prayer to Xom.
h - 1010 stones (gained 114)
Found a robe.
There is a shimmering altar of Xom here.
Menkaure is too close now for your liking.
Unknown command.
Menkaure mumbles some strange words.
Menkaure seems to speed up.
You hit Menkaure.
Menkaure is lightly damaged.
Menkaure hits you.
You hit Menkaure.
Menkaure is lightly damaged.
Menkaure hits you!
You barely miss Menkaure.
Menkaure is lightly damaged.
Menkaure misses you.
Wield which item (- for none, * to show all)? (? for menu, Esc to quit)
Your +0 spear of chaos is briefly surrounded by a scintillating aura of random colours.
a - a +0 spear of chaos (weapon)
You hit Menkaure but do no damage.
Menkaure is lightly damaged.
Menkaure closely misses you.
You hit Menkaure but do no damage.
Menkaure is lightly damaged.
Menkaure screams, "Why can't you leave me to my rest?"
Menkaure hits you!
Your body deteriorates!
You feel weakened.
You hit Menkaure but do no damage.
Menkaure is lightly damaged.
You hit Menkaure.
Menkaure is moderately damaged. "Go forth and cause havoc, mortal!"
Your +0 spear of chaos looks sharp.
Menkaure misses you.
You barely miss Menkaure.
Menkaure is moderately damaged.
You barely miss Menkaure.
Menkaure is moderately damaged.
Menkaure hits you.
You hit Menkaure.
Menkaure is moderately damaged.
Menkaure hits you but does no damage.
You hit Menkaure but do no damage.
Menkaure is moderately damaged.
You hit Menkaure. You burn Menkaure.
Menkaure is heavily damaged.
Menkaure misses you.
You closely miss Menkaure.
Menkaure is heavily damaged.
You hit Menkaure but do no damage.
Menkaure is heavily damaged.
Menkaure hits you!
You hit Menkaure. You freeze Menkaure.
Menkaure is severely damaged. "See what I see, my child!"
You detect nothing.
Menkaure hits you!!
You die...
Xom giggles madly!

#K# #.......555........##### #†#
#........####.####.#.... #.#
#.....5........# #.#.... #p#
#####.#######..# #5#.... #.. #.#
#..###.#.... ... . #####.##
#...##.##### ... ... #<##...#
###.#.##.#
.........#.##...####...#.##.#####
............M@...........##...
......####...######.##.#.##...
..............##.........##...
##### ........##......#..##...
........##......#..##...
........##......._>.._..
........#############...
........# ######.._ #...__...


You could see Menkaure.

Vanquished Creatures
  Edmund (D:6)
  An ice beast (D:5)
  A phantom (D:5)
  2 ogres
  2 howler monkeys
  A crimson imp (D:6)
  A centaur zombie (D:6)
  4 orc priests
  4 orc wizards
  A hound (D:5)
  2 worker ants (D:4)
  An iguana (D:4)
  Robin (D:3)
  A gnoll (shapeshifter) (D:2)
  5 adders
  An ooze (D:2)
  2 adder skeletons (D:4)
  2 worms
  3 dart slugs
  A leopard gecko (D:1)
  25 orcs
  6 bats
  4 giant cockroaches
  10 goblins
  9 hobgoblins
  10 jackals
  10 kobolds
  3 quokkas
  4 ball pythons
  A bat (shapeshifter) (D:4)
  7 frilled lizards
  6 rats
132 creatures vanquished.

Vanquished Creatures (collateral kills)
  A sky beast (D:6)
  An orc priest (D:6)
  An orc wizard (D:6)
  A worker ant (D:6)
  An orc (D:6)
5 creatures vanquished.

Grand Total: 137 creatures vanquished

Notes
Turn   | Place    | Note
-------+----------+-------------------------------------------
     0 | D:1      | MisterOstroum the Merfolk Chaos Knight began the quest for
                  | the Orb.
     0 | D:1      | Reached XP level 1. HP: 18/18 MP: 1/1
    95 | D:1      | Reached skill level 5 in Polearms
    95 | D:1      | Reached XP level 2. HP: 24/24 MP: 2/2
   157 | D:1      | XOM: harmless Necr miscast
   198 | D:1      | XOM: harmless Summ miscast
   344 | D:1      | XOM: silly message
   552 | D:2      | Reached XP level 3. HP: 30/30 MP: 3/3
   592 | D:2      | XOM: divination: magic mapping
   755 | D:2      | Reached skill level 6 in Polearms
   758 | D:2      | XOM: divination: detect items
   765 | D:2      | XOM: divination: detect items
   768 | D:2      | Reached XP level 4. HP: 29/37 MP: 4/4
   950 | D:2      | XOM: silly message
  1314 | D:2      | Found a white marble altar of Elyvilon.
  1497 | D:2      | Reached skill level 7 in Polearms
  1607 | D:2      | XOM: cloud trail
  1624 | D:2      | Reached XP level 5. HP: 43/43 MP: 5/5
  1722 | D:3      | XOM: noise
  1762 | D:3      | Found a hazy altar of Hepliaklqana.
  1765 | D:3      | XOM: swap monsters
  1903 | D:3      | Found a snail-covered altar of Cheibriados.
  1909 | D:3      | Reached skill level 8 in Polearms
  1917 | D:3      | Reached XP level 6. HP: 15/50 MP: 6/6
  2245 | D:3      | XOM: silly message
  2384 | D:3      | Noticed Robin
  2409 | D:3      | XOM: chaos upgrade
  2471 | D:3      | XOM: harmless Pois miscast
  2511 | D:3      | Killed Robin
  2511 | D:3      | XOM: mild Erth miscast
  2809 | D:4      | Reached skill level 5 in Fighting
  3082 | D:4      | XOM: mild Hex miscast
  3095 | D:4      | XOM: summons 1 hostile demon
  3126 | D:4      | XOM: mild Necr miscast
  3138 | D:4      | Reached skill level 9 in Polearms
  3280 | D:4      | XOM: silly message
  3373 | D:4      | XOM: 1-stop teleportation journey
  3374 | D:4      | XOM: confusion
  3384 | D:4      | Reached XP level 7. HP: 36/56 MP: 7/7
  3385 | D:4      | Reached skill level 10 in Polearms
  3606 | D:4      | Found Guyjak's Assorted Antiques.
  3609 | D:4      | Bought a scroll labeled YTTEOMPESHRI for 27 gold pieces
  3609 | D:4      | Bought a red potion for 24 gold pieces
  3609 | D:4      | Bought a scroll labeled JIUNNY IHIDGH for 27 gold pieces
  3609 | D:4      | Bought a scroll labeled YTTEOMPESHRI for 27 gold pieces
  3609 | D:4      | Bought a viscous brown potion for 24 gold pieces
  3609 | D:4      | Bought a white potion for 24 gold pieces
  3700 | D:4      | XOM: god gift: fizzy orange potion {god gift}
  3790 | D:4      | XOM: harmless Necr miscast
  4120 | D:4      | XOM: give mutations
  4120 | D:4      | Gained mutation: You are clumsy. (Dex -2) [Xom's mischief]
  4120 | D:4      | Gained mutation: Scrolls take you a little longer to read.
                  | [Xom's mischief]
  4120 | D:4      | Gained mutation: You are weak. (Str -2) [Xom's mischief]
  4183 | D:4      | XOM: harmless Chrm miscast
  4350 | D:5      | Entered Level 5 of the Dungeon
  4363 | D:5      | Found a shadowy altar of Dithmenos.
  4391 | D:5      | XOM: silly message
  4447 | D:6      | XOM: divination: detect items
  4510 | D:6      | XOM: noise
  4544 | D:5      | XOM: harmless Hex miscast
  4546 | D:5      | XOM: cleaving
  4547 | D:5      | XOM: god gift: potion of degeneration
  4646 | D:5      | Reached skill level 11 in Polearms
  4791 | D:5      | XOM: give mutations
  4791 | D:5      | Gained mutation: You are dopey. (Int -2) [Xom's mischief]
  4791 | D:5      | Lost mutation: You are weak. (Str -2) [Xom's mischief]
  4791 | D:5      | Gained mutation: Your flesh is cold resistant. (rC+) [Xom's
                  | mischief]
  4939 | D:5      | XOM: give mutations
  4939 | D:5      | Lost mutation: You are dopey. (Int -2) [Xom's mischief]
  4939 | D:5      | Gained mutation: You are very clumsy. (Dex -4) [Xom's
                  | mischief]
  4939 | D:5      | Gained mutation: Your body sometimes deteriorates upon
                  | taking damage. [Xom's mischief]
  4939 | D:5      | Gained mutation: Armour fits poorly on your strangely
                  | shaped body. [Xom's mischief]
  5015 | D:5      | XOM: blink monster(s)
  5098 | D:5      | XOM: god gift: longbow {god gift}
  5349 | D:5      | Found a burning altar of Makhleb.
  5385 | D:5      | Found a staircase to the Ecumenical Temple.
  5387 | D:5      | XOM: give mutation
  5387 | D:5      | Gained mutation: Your spells are a little easier to cast,
                  | but a little less powerful. [Xom's mischief]
  5514 | D:5      | XOM: enchant monster (good)
  5642 | D:5      | Reached XP level 8. HP: 55/62 MP: 8/8
  5650 | D:5      | Reached skill level 12 in Polearms
  5775 | D:5      | XOM: give mutation
  5775 | D:5      | Gained mutation: You are frail. (-10% HP) [Xom's mischief]
  5777 | D:5      | Found a runed door.
  5891 | D:6      | Noticed Pikel
  5901 | D:6      | XOM: summons friendly ufetubus
  5910 | D:6      | Noticed Edmund
  5928 | D:6      | Killed Edmund
  6117 | D:6      | Reached skill level 13 in Polearms
  6136 | D:6      | XOM: silly message
  6177 | D:6      | Noticed Grinder
  6200 | D:6      | XOM: summons 4 hostile demons
  6212 | D:6      | Noticed Sigmund
  6214 | D:6      | XOM: noise
  6221 | D:6      | XOM: summons 3 friendly demons
  6229 | D:6      | Noticed Menkaure
  6413 | D:6      | XOM: cleaving
  6429 | D:6      | XOM: fog
  6533 | D:6      | Noticed Grinder
  6533 | D:6      | Grinder changed into Grinder the crimson imp
  6533 | D:6      | XOM: polymorph Grinder -> Grinder the crimson imp
  6550 | D:6      | Killed Grinder the crimson imp
  6559 | D:6      | XOM: scenery: create altars
  6653 | D:6      | XOM: cleaving
  6661 | D:6      | XOM: divination: detect items
  6661 | D:6      | Slain by Menkaure

Skill      XL: |  1  2  3  4  5  6  7  8 |
---------------+-------------------------+-----
Polearms       | 5 6 7 8 9 11 13 | 13.6
Fighting       | 4 5 |  5.0
Armour         | |  0.6
Dodging        | |  2.6

Action                   |  1- 3 |  4- 6 |  7- 9 || total
-------------------------+-------+-------+-------++-------
Melee: Spear             |   100 |   264 |   186 ||   550
       Trident           |       |       |    84 ||    84
 Fire: Longbow           |       |       |     2 ||     2
Throw: Tomahawk          |       |     9 |    15 ||    24
  Use: Scroll            |     2 |       |     2 ||     4
       Potion            |       |     5 |     2 ||     7
 Stab: Sleeping          |     2 |       |       ||     2
       Petrifying        |     2 |     1 |       ||     3
       Paralysed         |     1 |       |     3 ||     4
       Distracted        |     1 |       |       ||     1
       Confused          |       |     3 |     2 ||     5
       Petrified         |       |       |     1 ||     1
  Eat: Chunk             |       |     8 |     6 ||    14
       Ration            |       |       |     1 ||     1
Armor: Leather armour    |    16 |    18 |    27 ||    61
       Ring mail         |       |    67 |    19 ||    86
Dodge: Dodged            |    34 |   137 |    70 ||   241
